 Dungeon Crawl Stone Soup version 0.27-a0-1532-gca18f49f40 (webtiles) character file.

Game seed: 2233990209730347082

97645 octoduck the Blocker (level 15, -34/132 HPs)
             Began as a Purple Draconian Ice Elementalist on July 7, 2021.
             Was the Champion of Dithmenos.
             Annihilated by an enormous slime creature (67 damage)
             ... on level 13 of the Dungeon on July 12, 2021.
             The game lasted 04:31:31 (53237 turns).

octoduck the Blocker (DrIE)                        Turns: 53237, Time: 04:31:33

Health: -34/132    AC: 31    Str: 15    XL:     15   Next: 72%
Magic:  2/21       EV: 19    Int: 27    God:    Dithmenos [******]
Gold:   1792       SH: 17    Dex: 12    Spells: 8/22 levels left

rFire    . . .     SeeInvis +   a - +3 demon whip (protect)
rCold    . . .     Faith    .   M - +0 kite shield {reflect}
rNeg     . . .     Spirit   .   (armour unavailable)
rPois    .         Reflect  +   H - +0 hat {SInv}
rElec    .         Harm     .   V - +1 cloak of the Jackalope {rCorr Str+4}
rCorr    +         Rampage  .   r - +1 pair of gloves
Will     ++...                  g - +0 pair of boots
Stlth    +++.......             C - amulet of reflection
HPRegen  0.32/turn              X - +6 ring of intelligence
MPRegen  0.17/turn              q - +4 ring of evasion

@: ice-armoured, about to teleport, under a protective aura, freezing walls,
wreathed by umbra, studying Ice Magic
A: breathe power, AC +9, unfitting armour, cold-blooded
a: Breathe Dispelling Energy, Renounce Religion, Shadow Step, Shadow Form


You were on level 13 of the Dungeon.
You worshipped Dithmenos.
Dithmenos was exalted by your worship.
You visited 5 branches of the dungeon, and saw 23 of its levels.
You also visited: Ice Cave.

You collected 3126 gold pieces.
You spent 1334 gold pieces at shops.

Inventory:

Hand Weapons
 a - a +3 demon whip of protection (weapon)
 m - the +4 hunting sling of Famine {venom, rElec rF++ Str-2 Int-2}
   (You found it on level 2 of the Lair of Beasts)

   It poisons the ammo it fires.
   Str:       It affects your strength (-2).
   Int:       It affects your intelligence (-2).
   rF:        It greatly protects you from fire.
   rElec:     It insulates you from electricity.
Armour
 g - a +0 pair of boots (worn)
 r - a +1 pair of gloves (worn)
 x - a +2 cloak of poison resistance
 H - a +0 hat of see invisible (worn)
 M - a +0 kite shield of reflection (worn)
 V - the +1 cloak of the Jackalope (worn) {rCorr Str+4}
   (You bought it in a shop on level 2 of the Orcish Mines)

   Str:       It affects your strength (+4).
   rCorr:     It protects you from acid and corrosion.
 Y - the +1 pair of boots of Devotion {Will- Int+5}
   (You found it in an ice cave)

   Int:       It affects your intelligence (+5).
   Will:      It decreases your willpower.
Jewellery
 e - the ring of Boet {rElec rN+ Str+4 Int-2 SInv}
   (You found it in an ice cave)

   [ring of positive energy]

   Str:       It affects your strength (+4).
   Int:       It affects your intelligence (-2).
   rElec:     It insulates you from electricity.
   rN:        It protects you from negative energy.
   SInv:      It lets you see invisible.
 n - a ring of protection from fire
 q - a +4 ring of evasion (right hand)
 u - a ring of flight
 B - a ring of resist corrosion
 C - an amulet of reflection (around neck)
 N - a ring of willpower
 P - a ring of protection from cold
 R - a ring of protection from cold
 X - a +6 ring of intelligence (left hand)
 Z - the ring "Tyfoqu Vucu" {rCorr Int+4 SInv}
   (You found it in an ice cave)

   [ring of resist corrosion]

   Int:       It affects your intelligence (+4).
   SInv:      It lets you see invisible.
   rCorr:     It protects you from acid and corrosion.
Wands
 d - a wand of polymorph (11)
 j - a wand of flame (62)
 k - a wand of iceblast (15)
 E - a wand of mindburst (21)
 I - a wand of charming (22)
 L - a wand of acid (18)
Scrolls
 f - a scroll of magic mapping
 h - a scroll of silence
 l - 8 scrolls of teleportation
 o - a scroll of brand weapon
 s - 10 scrolls of identify
 v - 3 scrolls of immolation
 y - 3 scrolls of enchant armour
 z - 2 scrolls of summoning
 J - 2 scrolls of vulnerability
 S - 3 scrolls of fear
 W - a scroll of amnesia
Potions
 b - 7 potions of heal wounds
 c - 6 potions of curing
 i - a potion of berserk rage
 p - 4 potions of cancellation
 t - 4 potions of lignification
 w - a potion of resistance
 A - 2 potions of brilliance
 D - 2 potions of might
 G - 3 potions of attraction
 K - a potion of magic
 Q - 4 potions of ambrosia
 T - 2 potions of flight
 U - a potion of haste
Miscellaneous
 F - a box of beasts


   Skills:
 + Level 11.8 Fighting
 - Level 12.1 Maces & Flails
 - Level 9.1 Dodging
 - Level 1.7 Stealth
 + Level 13.2 Shields
 - Level 4.3 Spellcasting
 - Level 10.2 Conjurations
 - Level 12.7 Ice Magic
 - Level 4.3 Earth Magic
 - Level 3.0 Invocations


You had 8 spell levels left.
You knew the following spells:

 Your Spells              Type           Power      Damage    Failure   Level
a - Frozen Ramparts       Ice            100%       1d12      1%          3
b - Stone Arrow           Conj/Erth      90%        3d12      1%          3
c - Ozocubu's Armour      Ice            65%        N/A       1%          3
d - Hailstorm             Conj/Ice       61%        3d13      1%          4
e - Freeze                Ice            100%       1d11      1%          1

Your spell library contained the following spells:

 Spells                   Type           Power      Damage    Failure   Level
 Magic Dart               Conj           100%       1d8       1%          1
 Shock                    Conj/Air       100%       1d9       1%          1
 Ensorcelled Hibernation  Hex/Ice        80%        N/A       1%          2
 Static Discharge         Conj/Air       33%        N/A       1%          2
 Dazzling Flash           Conj/Hex       66%        N/A       3%          3
 Passwall                 Tmut/Erth      14%        N/A       6%          2
 Mephitic Cloud           Conj/Pois/Air  24%        N/A       7%          3
 Beastly Appendage        Tmut           10%        N/A       10%         1
 Corona                   Hex            5%         N/A       10%         1
 Sting                    Tmut/Pois      20%        1d4       10%         1
 Sticky Flame             Conj/Fire      33%        2d5       12%         4
 Call Imp                 Summ           5%         N/A       14%         2
 Poisonous Vapours        Pois/Air       10%        N/A       14%         2
 Wereblood                Tmut           5%         N/A       14%         2
 Metabolic Englaciation   Hex/Ice        20%        N/A       19%         5
 Gell's Gravitas          Tloc           2%         N/A       28%         3
 Ignite Poison            Fire/Tmut/Pois 5%         N/A       28%         3
 Lesser Beckoning         Tloc           2%         N/A       28%         3
 Spider Form              Tmut/Pois      2%         N/A       28%         3
 Swiftness                Air            5%         N/A       28%         3
 Teleport Other           Tloc           5%         N/A       28%         3
 Tukima's Dance           Hex            5%         N/A       28%         3
 Lightning Bolt           Conj/Air       16%        1d30      32%         5
 Bolt of Magma            Conj/Fire/Erth 16%        4d9       34%         5
 Airstrike                Air            2%         N/A       67%         4
 Dispel Undead            Necr           5%         3d7       67%         4
 Olgreb's Toxic Radiance  Pois           5%         N/A       67%         4
 Agony                    Necr           5%         N/A       95%         5
 Blade Hands              Tmut           2%         N/A       95%         5
 Silence                  Hex/Air        2%         N/A       95%         5
 Invisibility             Hex            2%         N/A       100%        6
 Lehudib's Crystal Spear  Conj/Erth      22%        10d6      100%        8
 Maxwell's Capacitive Co  Air            2%         ∞         100%        8
 Shatter                  Erth           14%        3d14*     100%        9
 Animate Armour           Summ/Erth      Unusable   N/A       N/A         4

Dungeon Overview and Level Annotations

Branches:
Dungeon (13/15)            Temple (1/1) D:5            Lair (6/6) D:9
 Shoals (1/4) Lair:3        Snake (0/4) Lair:4        Slime (0/5) Lair:5
    Orc (2/2) D:9             Elf (0/3) Orc:2        Vaults (0/5) D:13
  IceCv (visited)

Altars:
Ashenzari
Cheibriados
Dithmenos
Elyvilon
Fedhas
Gozag
Hepliaklqana
Kikubaaqudgha
Makhleb
Nemelex Xobeh
Okawaru
Qazlal
Ru
Sif Muna
Trog
Uskayaw
Vehumet
Wu Jian
Xom
Yredelemnul
Zin
The Shining One

Shops:
D:5 (   D:8 (   Orc:2 =[![*

Annotations:
D:8 exclusions: lava snake, orange crystal statue and 3 more exclusions
Lair:4 2 transporters, Zeocw's ghost, journeyman FoFi


Innate Abilities, Weirdness & Mutations

You can breathe bolts of dispelling energy.
Your rich purple scales are hard. (AC +9)
You cannot fit into any form of body armour.
You are cold-blooded and may be slowed by cold attacks.


Message History

The enormous slime creature closely misses you.
Casting: Hailstorm (mildly dangerous; 1% risk of failure)
Confirm with . or Enter, or press ? or * to list all spells.
Casting: Frozen Ramparts (safe; 1% risk of failure)
Press: ? - help, Dir - look around, f - activate This square is wreathed by an umbra.
The walls around you are covered in ice.
The wall freezes the enormous slime creature.
You block the enormous slime creature's attack.
You barely miss the enormous slime creature.
The enormous slime creature is heavily wounded.
You hit the enormous slime creature.
The enormous slime creature is heavily wounded.
The wall freezes the enormous slime creature!
The enormous slime creature hits you!!!
Ouch! That really hurt!
You emit a cloud of dark smoke.
Okay, then.
As you read the scroll of teleportation, it crumbles to dust.
You feel strangely unstable.
The wall freezes the enormous slime creature.
The enormous slime creature misses you.
You thrash the enormous slime creature!!
The enormous slime creature is heavily wounded.
The wall freezes the enormous slime creature.
The enormous slime creature hits you!!!
* * * LOW HITPOINT WARNING * * *
You feel much better.
The wall freezes the enormous slime creature!
The enormous slime creature barely misses you.
You whack the enormous slime creature!
You tail-slap the enormous slime creature.
The enormous slime creature is severely wounded.
You whack the enormous slime creature!
The enormous slime creature is severely wounded.
Your shadow barely misses the enormous slime creature.
The wall freezes the enormous slime creature.
The enormous slime creature hits you!!!
Ouch! That really hurt!
You die...

......####....##
....###
#....#.## .##..#
##...###.##
###..###...##
##.# #
#..##...## ###
##.....##
#......#
##.###..## ####
#..#
##..#####J@#
##.##
##.....§###
#...## #.....##
≈≈≈≈≈####....##
≈≈≈#≈.##....##
##≈#≈......##
≈≈≈#≈.......##
≈≈≈≈≈........#
......J..#####


You could see an enormous slime creature.

Vanquished Creatures
  Rupert (Lair:3)
  Gastronok (Lair:3)
  A reaper (IceCv)
  Azrael (Orc:1)
  A merfolk javelineer (Shoals:1)
  A fire dragon (Lair:6)
  Fannar (Lair:3)
  2 vault guards (D:13)
  2 catoblepae (Lair:2)
  10 hydras
  Erica (Lair:1)
  2 boulder beetles
  A centaur warrior (D:13)
  6 death yaks (Lair:4)
  3 two-headed ogres
  A death knight (D:13)
  An alligator snapping turtle (Shoals:1)
  5 orc high priests
  A tengu warrior (D:13)
  2 sea snakes (Shoals:1)
  A swamp dragon (Lair:6)
  10 orc knights
  Pikel (D:9)
  2 necromancers (D:13)
  4 harpies
  A wizard (D:13)
  An oklob plant (Lair:5)
  A deep elf zephyrmancer (D:9)
  6 fauns (Shoals:1)
  A slime creature (D:13)
  2 manticores
  3 merfolk sirens
  3 cyclopes
  5 elephants
  A black mamba (shapeshifter) (D:11)
  An ice statue (IceCv)
  2 black mambas (Lair:6)
  Maggie (D:9)
  4 gargoyles
  3 unseen horrors
  11 cane toads
  7 rime drakes
  A yaktaur (D:13)
  4 freezing wraiths
  19 komodo dragons
  An entropy weaver simulacrum (IceCv)
  A kobold demonologist (D:13)
  2 anaconda simulacra (IceCv)
  3 merfolk (Shoals:1)
  A queen bee (Lair:3)
  6 trolls
  Grinder (D:6)
  A polar bear (D:9)
  A wind drake (Lair:3)
  13 blink frogs
  3 snapping turtles
  12 dream sheep
  A water elemental (Shoals:1)
  A dire elephant simulacrum (IceCv)
  52 yaks
  2 vampires
  4 wyverns
  A shadow (D:6)
  A human (shapeshifter) (D:9)
  2 wraiths
  Grum (D:9)
  19 humans (D:13)
  3 fire elementals
  6 basilisks
  A death yak simulacrum (IceCv)
  2 vampire mosquitoes (D:13)
  A warg (Orc:2)
  3 steam dragons
  4 acid dragons
  2 nagas (Lair:4)
  4 hell hounds
  24 water moccasins
  2 swamp drakes (Lair:6)
  37 orc warriors
  2 black bears (D:5)
  A necrophage (D:5)
  3 ice beasts
  A sky beast (D:5)
  A boggart (D:9)
  9 ogres
  22 wolves
  7 centaurs
  A phantom (D:5)
  2 lemures (D:9)
  6 kobold brigands
  17 bullfrogs
  A gnoll sergeant (D:7)
  A scorpion (D:7)
  A cane toad simulacrum (IceCv)
  2 two-headed ogre simulacra (IceCv)
  A water moccasin skeleton (D:7)
  An elephant simulacrum (IceCv)
  28 killer bees
  2 wights (D:9)
  3 electric eels (Lair:1)
  8 howler monkeys
  5 centaur zombies
  A centaur skeleton (D:4)
  4 hounds
  A jelly (D:6)
  28 orc priests
  A gnoll shaman (D:7)
  4 bullfrog skeletons
  6 iguanas
  An iron imp (D:7)
  Terence (D:2)
  21 orc wizards
  9 spriggan simulacra (IceCv)
  2 polar bear simulacra (IceCv)
  6 troll simulacra (IceCv)
  A statue (D:13)
  3 wolf simulacra (IceCv)
  A howler monkey zombie (D:7)
  3 howler monkey skeletons
  9 gnolls
  9 adders
  4 naga simulacra (IceCv)
  3 shadow imps
  5 white imps
  11 ufetubi
  3 dart slugs
  84 orcs
  7 bats
  3 endoplasms
  4 giant cockroaches
  6 goblins
  9 hobgoblins
  9 jackals
  29 kobolds
  5 quokkas
  4 ball pythons
  4 frilled lizards
  2 rats (D:3)
  A bush (Lair:5)
  A butterfly (Lair:5)
787 creatures vanquished.

Vanquished Creatures (others)
  A white imp (IceCv)
  An orc (D:7)
  42 fungi
  105 plants
149 creatures vanquished.

Grand Total: 936 creatures vanquished

Notes
Turn   | Place    | Note
-------+----------+-------------------------------------------
     0 | D:1      | octoduck the Draconian Ice Elementalist began the quest for
                  | the Orb.
     0 | D:1      | Reached XP level 1. HP: 14/14 MP: 3/3
   312 | D:1      | Reached XP level 2. HP: 17/20 MP: 0/5
   613 | D:1      | Found a faded altar of an unknown god.
   847 | D:1      | Reached skill level 5 in Ice Magic
   918 | D:1      | Reached XP level 3. HP: 26/26 MP: 3/6
  1228 | D:2      | Noticed Terence
  2285 | D:3      | Reached XP level 4. HP: 30/33 MP: 3/7
  2740 | D:2      | Learned a level 3 spell: Frozen Ramparts
  2744 | D:2      | Learned a level 3 spell: Ozocubu's Armour
  2981 | D:3      | Found Zoxtaj's Jewellery Shop.
  3425 | D:3      | Got Biteub's Disquisition on Enchanting Shape Shifting
  3581 | D:3      | Reached XP level 5. HP: 30/38 MP: 4/8
  3992 | D:4      | Noticed an ogre
  4095 | D:4      | Killed an ogre
  4096 | D:4      | Reached XP level 6. HP: 28/45 MP: 1/9
  4437 | D:4      | Found an iron altar of Okawaru.
  4948 | D:4      | Your scales start taking on a rich purple colour.
  4948 | D:4      | Reached XP level 7. HP: 37/50 MP: 7/10
  5256 | D:4      | Noticed an angel
  5257 | D:4      | Found a glowing silver altar of Zin.
  5283 | D:5      | Entered Level 5 of the Dungeon
  5335 | D:5      | Found a sacrificial altar of Ru.
  5846 | D:5      | Found an iron altar of Okawaru.
  5864 | D:5      | Reached skill level 10 in Ice Magic
  5866 | D:5      | Reached XP level 8. HP: 31/57 MP: 4/11
  6446 | D:5      | Learned a level 4 spell: Hailstorm
  6457 | D:5      | Found Ichuiw's Weapon Shoppe.
  6650 | D:5      | Found a staircase to the Ecumenical Temple.
  6678 | D:5      | Reached skill level 1 in Maces & Flails
  6787 | Temple   | Entered the Ecumenical Temple
  7112 | Temple   | Became a worshipper of Dithmenos the Shadowed
  7657 | D:6      | Noticed Grinder
  8675 | D:6      | Reached XP level 9. HP: 52/62 MP: 12/12
  8865 | D:6      | Killed Grinder
  8865 | D:6      | Reached * piety under Dithmenos
  9122 | D:6      | Found a sparkling altar of Nemelex Xobeh.
  9153 | D:6      | Found a white marble altar of Elyvilon.
  9570 | D:7      | Reached skill level 5 in Conjurations
 10175 | D:7      | Reached skill level 5 in Maces & Flails
 10394 | D:7      | Found a snail-covered altar of Cheibriados.
 11185 | D:5      | Bought a +2 demon whip of venom for 420 gold pieces
 11397 | D:2      | Killed Terence
 11892 | D:7      | Reached ** piety under Dithmenos
 11893 | D:7      | Reached XP level 10. HP: 62/69 MP: 1/13
 12552 | D:8      | Noticed an orange crystal statue
 12596 | D:8      | Found Quryloka's Antique Weapon Shoppe.
 13175 | D:8      | Found a snail-covered altar of Cheibriados.
 13177 | D:8      | Found a radiant altar of Vehumet.
 13177 | D:8      | Found a shimmering altar of Xom.
 13185 | D:8      | Found a radiant altar of Vehumet.
 13185 | D:8      | Found a shimmering altar of Xom.
 13185 | D:8      | Found an opulent altar of Gozag.
 13490 | D:9      | Noticed Pikel
 13758 | D:9      | Found a staircase to the Orcish Mines.
 13817 | D:9      | Found a staircase to the Lair.
 13881 | D:9      | Killed Pikel
 13977 | D:9      | Reached *** piety under Dithmenos
 14013 | D:9      | Noticed Maggie
 14050 | D:9      | Upgraded the game from 0.27-a0-1500-g450c7e4133 to
                  | 0.27-a0-1502-g47ed6a6988
 14821 | D:7      | Found a shimmering blue altar of Sif Muna.
 15157 | Orc:1    | Entered Level 1 of the Orcish Mines
 15241 | Orc:2    | Entered Level 2 of the Orcish Mines
 15927 | Orc:2    | Noticed an orc knight
 16174 | Orc:1    | Reached skill level 5 in Fighting
 16545 | Orc:1    | Noticed an orc knight
 16793 | D:9      | Reached XP level 11. HP: 85/88 MP: 6/14
 17102 | D:9      | Killed Maggie
 17325 | D:9      | Noticed Grum
 17355 | D:9      | Killed Grum
 17532 | Lair:1   | Entered Level 1 of the Lair of Beasts
 17541 | Lair:1   | Learned a level 3 spell: Stone Arrow
 17701 | D:10     | Entered Level 10 of the Dungeon
 18311 | D:10     | Reached **** piety under Dithmenos
 19219 | D:9      | Noticed a deep elf zephyrmancer
 19228 | D:9      | Killed a deep elf zephyrmancer
 21362 | D:9      | Reached XP level 12. HP: 83/104 MP: 8/15
 21447 | D:9      | Reached skill level 5 in Dodging
 21770 | Lair:1   | Noticed an eight-headed hydra
 21780 | Lair:1   | Killed an eight-headed hydra
 22467 | Lair:1   | Reached skill level 10 in Conjurations
 23656 | Lair:2   | Identified the +4 hunting sling of Famine {venom, rElec
                  | rF++ Str-2 Int-2}
 23694 | Lair:2   | Noticed Erica
 23734 | Lair:2   | Noticed a catoblepas
 23771 | Lair:2   | Noticed a six-headed hydra
 23884 | Orc:1    | Reached skill level 1 in Earth Magic
 24431 | Orc:2    | Found Mulent's Jewellery Boutique.
 25023 | Orc:1    | Reached ***** piety under Dithmenos
 25640 | Orc:2    | Found a staircase to the Elven Halls.
 25990 | Orc:2    | Noticed Azrael
 26342 | Lair:1   | Killed Erica
 26707 | Lair:1   | Killed a six-headed hydra
 27025 | Lair:2   | Killed a catoblepas
 28064 | Lair:3   | Got the Guide on the Rocks and the Glacier
 28132 | Lair:3   | Reached XP level 13. HP: 111/111 MP: 16/16
 28137 | Lair:3   | Noticed Rupert
 28140 | Lair:3   | Paralysed by Rupert for 4 turns
 28393 | Lair:3   | Killed Rupert
 28394 | Lair:3   | Reached skill level 10 in Maces & Flails
 28894 | Lair:3   | Reached skill level 10 in Fighting
 29447 | Lair:3   | Found a staircase to the Shoals.
 29564 | Lair:3   | Noticed Gastronok
 29756 | Lair:3   | Killed Gastronok
 29940 | Lair:3   | Noticed Fannar
 30735 | Lair:4   | Found a staircase to the Snake Pit.
 31653 | Lair:4   | Found a transporter.
 31654 | Lair:4   | Found a bloodstained altar of Trog.
 31654 | Lair:4   | Noticed Zeocw's ghost (journeyman FoFi)
 31662 | Lair:4   | Found a transporter.
 31790 | Lair:4   | Identified the +0 tower shield of Narcissism {rElec rPois
                  | rN++ Dex-2}
 34640 | Orc:2    | Reached skill level 1 in Invocations
 35054 | D:11     | Reached XP level 14. HP: 113/125 MP: 8/20
 36886 | D:12     | Noticed a frost giant
 36960 | D:12     | Reached skill level 1 in Shields
 37698 | D:11     | Reached skill level 2 in Shields
 37927 | Orc:1    | Killed Azrael
 37928 | Orc:1    | Reached skill level 3 in Shields
 38189 | Orc:2    | Bought a ring of protection from cold for 275 gold pieces
 38323 | Lair:3   | Killed Fannar
 38666 | Lair:3   | Reached skill level 4 in Shields
 39304 | Lair:5   | Found a staircase to the Slime Pits.
 39309 | Lair:5   | Identified the +0 robe "Hoheh" {rPois}
 39825 | Lair:4   | Reached skill level 5 in Shields
 40212 | Lair:6   | Entered Level 6 of the Lair of Beasts
 40451 | Lair:5   | Reached skill level 6 in Shields
 41111 | Lair:6   | Reached skill level 7 in Shields
 41747 | Lair:6   | Reached ****** piety under Dithmenos
 42179 | Lair:6   | Reached skill level 8 in Shields
 43251 | Orc:2    | Upgraded the game from 0.27-a0-1502-g47ed6a6988 to
                  | 0.27-a0-1529-g1e82c303ef
 44420 | Orc:2    | Reached skill level 9 in Shields
 44786 | Orc:2    | Reached XP level 15. HP: 128/132 MP: 7/21
 45545 | Orc:2    | Found Biguf's Distillery.
 45546 | Orc:2    | Found Ujeedis's Antique Armour Boutique.
 45546 | Orc:2    | Found Foiso's Assorted Antiques.
 45547 | Orc:2    | Found Daumygaj's Antique Armour Shop.
 45559 | Orc:2    | Bought a potion of haste for 140 gold pieces
 45565 | Orc:2    | Bought a transparent cloak for 304 gold pieces
 45565 | Orc:2    | Identified the +1 cloak of the Jackalope {rCorr Str+4} (You
                  | bought it in a shop on level 2 of the Orcish Mines)
 45577 | Orc:2    | Bought a glowing cloak for 195 gold pieces
 45889 | Shoals:1 | Entered Level 1 of the Shoals
 45903 | Shoals:1 | Reached skill level 10 in Shields
 47454 | Shoals:1 | Reached skill level 11 in Shields
 49788 | D:13     | Found a frozen archway.
 49799 | IceCv    | Entered an ice cave
 49846 | IceCv    | Reached skill level 12 in Shields
 50569 | IceCv    | Identified the +1 pair of boots of Devotion {Will- Int+5}
 50884 | IceCv    | Identified the ring "Tyfoqu Vucu" {rCorr Int+4 SInv}
 50896 | IceCv    | Identified the ring of Boet {rElec rN+ Str+4 Int-2 SInv}
 51667 | D:13     | Found a radiant altar of Vehumet.
 51869 | D:13     | Found a gate to the Vaults.
 51896 | D:13     | Reached skill level 13 in Shields
 51975 | D:13     | Upgraded the game from 0.27-a0-1529-g1e82c303ef to
                  | 0.27-a0-1532-gca18f49f40
 53184 | D:13     | Found the +11 plutonium sword {Contam Stlth-}
 53234 | D:13     | HP: 6/132 [enormous slime creature (37)]
 53237 | D:13     | Annihilated by an enormous slime creature

Illustrated notes

Levels and vault maps discovered:
D:1:      minmay_arrival_arboretum_large, layout_basic,
          chequers_ecumenical_altar_island
D:2:      layout_basic, uniq_terence
D:3:      layout_basic, serial_shops, shop_fountains
D:4:      layout_loops_ring, zin_angel, mainiacjoe_overflow_paths
D:5:      layout_basic, mainiacjoe_overflow_boulevard, temple_pool_b,
          portal_sewer_entry_d, serial_shops, nicolae_shop_waterfront,
          minmay_ruined_shrine
D:6:      layout_loops_ring, mainiacjoe_overflow_two_lobes, uniq_grinder
D:7:      minmay_polygon_palace, layout_basic, kennysheep_orc_sif_temple,
          chei_slow_surprise
D:8:      layout_loops_corners, doesnt_xom_only_xom, serial_shops, shop,
          disabler_island
D:9:      minmay_klotski, layout_irregular_city, lair_entry_dummy, orc_0_dummy,
          lemuel_flame_loot_1, uniq_maggie, uniq_pikel, uniq_grum
D:10:     layout_stronghold
D:11:     layout_gridville, serial_rivers, chequers_serial_rivers_room_a,
          chequers_serial_rivers_micro_d, chequers_serial_rivers_marsh,
          chequers_serial_rivers_room_a, chequers_serial_rivers_marsh,
          chequers_serial_rivers_micro_e
D:12:     layout_irregular_city, kennysheep_four_rooms
D:13:     layout_layer_cave, grunt_vaults_entry_tiered,
          portal_ice_cave_entry_pillars_2, minmay_crystal_water, minivault_22,
          vehumet_statue
Temple:   minmay_temple_curvy_branch
Lair:1:   layout_layer_cave, serial_bayou_lagoon_b, grunt_megastairs_5
Lair:2:   layout_regular_city, grunt_megastairs_1, uniq_erica
Lair:3:   layout_small_grid, minmay_shoals_entry_lonely_mermaid, special_room
          [special_room_bee], infiniplex_staircase_pool_2, uniq_fannar,
          uniq_rupert, uniq_gastronok
Lair:4:   layout_concentric_octagons, minmay_snake_entry_guardpost_small,
          gammafunk_ghost_wrathful_warriors
Lair:5:   layout_concentric_octagons, slime_dummy, minmay_lair_oklob_items,
          lemuel_fruit_tree, lemuel_fruit_fields
Lair:6:   guppyfry_lair_end_dragon, layout_cave_pods, grunt_megastairs_3
Shoals:1: cheibrodos_shoals_epimethial_gifts, layout_shoals
Orc:1:    layout_diamond_mine
Orc:2:    st_orc_pillars, layout_caves, serial_shops, nicolae_shop_behind_doors,
          uniq_azrael

Skill      XL: |  1  2  3  4  5  6  7  8  9 10 11 12 13 14 15 |
---------------+----------------------------------------------+-----
Ice Magic      | 5 6 7 8 10 11 12 | 12.7
Conjurations   | 3 6 8 9 10 | 10.2
Maces & Flails | 2 6 9 12 | 12.1
Fighting       | 5 9 11 | 11.8
Dodging        | 4 9 |  9.1
Earth Magic    | 4 |  4.3
Spellcasting   | 4 |  4.3
Invocations    | 1 3 |  3.0
Shields        | 9 13 | 13.2
Stealth        | |  1.7

Action                   |  1- 3 |  4- 6 |  7- 9 | 10-12 | 13-15 || total
-------------------------+-------+-------+-------+-------+-------++-------
Melee: Unarmed           |     3 |       |       |       |       ||     3
       Dagger            |    14 |   117 |    65 |       |       ||   196
       Tailslap          |     4 |    12 |    46 |    98 |   179 ||   339
       Long sword        |       |     3 |    30 |       |       ||    33
       Whip              |       |       |   278 |    25 |       ||   303
       Demon whip        |       |       |       |   794 |  1356 ||  2150
       Staff             |       |       |       |       |     2 ||     2
Throw: Dart              |       |       |     3 |       |       ||     3
 Cast: Freeze            |    63 |    38 |    18 |    12 |    10 ||   141
       Ozocubu's Armour  |       |    10 |    30 |    75 |    95 ||   210
       Frozen Ramparts   |       |     9 |    18 |    49 |    80 ||   156
       Hailstorm         |       |       |    10 |    34 |    46 ||    90
       Stone Arrow       |       |       |       |    27 |   155 ||   182
 Abil: Breathe Dispellin |       |       |     2 |     1 |       ||     3
Evoke: Wand              |       |       |     3 |     2 |    13 ||    18
  Use: Scroll            |     2 |     2 |    11 |     2 |    12 ||    29
       Potion            |       |       |       |     2 |     4 ||     6
 Stab: Sleeping          |       |     1 |       |     2 |     7 ||    10
       Distracted        |       |       |       |       |     3 ||     3
Armor: Skin              |    20 |    60 |   128 |   222 |   216 ||   646
Dodge: Dodged            |    33 |   108 |   306 |   705 |   608 ||  1760
Block: Other             |       |       |       |     1 |   100 ||   101
       Reflection        |       |       |       |       |    19 ||    19
       Kite shield       |       |       |       |       |   350 ||   350
       Rpst.: Long sword |       |     1 |    10 |       |       ||    11

Table legend: (Time is in decaauts)
 A = Elapsed time spent in this place.
 B = Non-inter-level travel time spent in this place.
 C = Inter-level travel time spent in this place.
 D = Time resting spent in this place.
 E = Time spent auto-exploring this place.
 F = Levels seen in this place.
 G = Mean time per level.
                   A        B        C        D        E       F      G
               +--------+--------+--------+--------+--------+-----+--------+
         Total |  52552 |  46263 |   6289 |  19727 |  11355 |  24 | 2189.7 |
       Dungeon |  25376 |  21591 |   3785 |   7502 |   6926 |  13 | 1952.0 |
        Temple |    347 |    273 |     74 |      0 |    247 |   1 |  347.0 |
          Lair |  16566 |  14926 |   1640 |   7285 |   3650 |   6 | 2761.0 |
        Shoals |   1729 |   1609 |    120 |   1002 |     28 |   1 | 1729.0 |
  Orcish Mines |   7257 |   6587 |    670 |   3466 |    503 |   2 | 3628.5 |
      Ice Cave |   1275 |   1275 |      0 |    472 |      0 |   1 | 1275.0 |
               +--------+--------+--------+--------+--------+-----+--------+

Top non-repeatable levels by time:
   Orc:2: 4477 daAuts
     D:9: 4396 daAuts
  Lair:3: 4210 daAuts
  Lair:1: 3120 daAuts
   Orc:1: 2779 daAuts
     D:7: 2695 daAuts
  Lair:4: 2610 daAuts
  Lair:6: 2479 daAuts
  Lair:5: 2302 daAuts
    D:10: 2130 daAuts
     D:5: 2003 daAuts
     D:6: 1957 daAuts
  Lair:2: 1842 daAuts
    D:13: 1760 daAuts
    D:11: 1752 daAuts
